 Dungeon Crawl Stone Soup version 0.32-a0-42-ga30500b4d3 (webtiles) character file.

Game seed: 18069660982098600838

181606 anacleto the Skinwalker (level 17, -8/273 HPs)
             Began as a Troll Shapeshifter on Jan 27, 2024.
             Was a High Priest of Qazlal.
             Mangled by a naga warrior
             ... wielding a +0 dire flail of protection
              (17 damage)
             ... on level 2 of the Snake Pit.
             The game lasted 02:16:55 (34667 turns).

anacleto the Skinwalker (Troll Shapeshifter)       Turns: 34667, Time: 02:16:55

Health: -8/273     AC: 22    Str: 45    XL:     17   Next: 68%
Magic:  19/23      EV:  8    Int:  6    God:    Qazlal [*****.]
Gold:   2920       SH:  6    Dex:  9    Spells: 16/16 levels left

rFire   x .          .
                       - Unarmed
rCold   . . .        Q - melded +0 tower shield
rNeg    + . .        E - melded +2 robe {rN+}
rPois   +            (helmet currently unavailable)
rElec   .            (cloak currently unavailable)
rCorr   .            (gloves unavailable)
SInv    .            (boots unavailable)
Will    +....        B - amulet of faith Stlth
                     V - +4 ring of protection
HPRegen 1.45/turn    T - +6 ring of strength
MPRegen 0.18/turn

%: repel missiles, faith
@: berserking, lethally poisoned (-8 -> -22), snake-form, protected from
physical damage, constricted, very quick
A: constrict, boosted hp, large, unfitting armour, (claws 3), regeneration 1,
(shaggy fur 1), (tough skin 1)
a: Begin Untransformation, Renounce Religion, Upheaval, Elemental Force,
Disaster Area


You were on level 2 of the Snake Pit.
You worshipped Qazlal.
Qazlal was extremely pleased with you.
You were an enormous serpent.
You visited 6 branches of the dungeon, and saw 26 of its levels.
You also visited: Bailey.

You collected 3314 gold pieces.
You spent 394 gold pieces at shops.

Inventory:

Missiles
 g - 45 large rocks
 t - 5 boomerangs (quivered)
 y - 40 poisoned darts
 F - 4 curare-tipped darts
 G - 4 throwing nets
 H - 3 javelins
 S - 6 atropa-tipped darts
Armour
 E - a +2 robe of positive energy (melded)
 Q - a +0 tower shield (melded)
Jewellery
 s - a ring of flight
 B - an amulet of faith (around neck)
 C - a +5 ring of evasion
 P - a ring of see invisible
 T - a +6 ring of strength (right hand)
 U - a ring of protection from fire
 V - a +4 ring of protection (left hand)
Talismans
 a - a serpent talisman
 b - the serpent talisman of the Pastamancer (active) {rF- rN+ Str+2}
   (You took it off Aizul on level 1 of the Snake Pit)

   [serpent talisman]

   Str+2:     It affects your strength (+2).
   rF-:       It makes you vulnerable to fire.
   rN+:       It protects you from negative energy.
 c - a beast talisman
 d - a flux talisman
 R - a maw talisman
Wands
 l - a wand of polymorph (4)
 m - a wand of mindburst (2)
 D - a wand of charming (24)
 K - a wand of quicksilver (2)
 M - a wand of flame (5)
Scrolls
 e - 2 scrolls of vulnerability
 i - 2 scrolls of enchant weapon
 k - 4 scrolls of fog
 n - 2 scrolls of poison
 r - 5 scrolls of immolation
 v - 5 scrolls of teleportation
 x - 5 scrolls of silence
 L - 3 scrolls of fear
 N - 2 scrolls of revelation
 Y - 6 scrolls of enchant armour
Potions
 f - 4 potions of ambrosia
 h - 2 potions of mutation {unknown}
 j - 14 potions of curing
 o - 2 potions of might
 p - 5 potions of heal wounds
 q - 2 potions of invisibility
 w - 4 potions of attraction
 z - 3 potions of brilliance {unknown}
 A - 5 potions of haste
 J - 5 potions of cancellation
 O - 2 potions of resistance
 X - a potion of enlightenment
Miscellaneous
 u - a lightning rod (1/4)


   Skills:
 + Level 5.9 Fighting
 + Level 6.1 Throwing
 + Level 6.1 Dodging
 + Level 8.1 Shields
 + Level 7.4 Unarmed Combat
 - Level 10.4 Invocations
 * Level 22.1 Shapeshifting


You had 16 spell levels left.
You didn't know any spells.
Your spell library contained the following spells:

 Spells                   Type           Power      Damage    Failure   Level
 Magic Dart               Conj           0%         1d3       45%         1
 Necrotise                Necr           0%         1d4       45%         1
 Sandblast                Erth           0%         2d4       45%         1
 Slow                     Hex            0%         N/A       45%         1
 Blink                    Tloc           0%         N/A       58%         2
 Call Imp                 Summ           0%         N/A       58%         2
 Ensorcelled Hibernation  Hex/Ice        0%         N/A       58%         2
 Confusing Touch          Hex            0%         N/A       83%         3
 Dazzling Flash           Conj/Hex       0%         N/A       83%         3
 Inner Flame              Hex/Fire       0%         N/A       83%         3
 Mephitic Cloud           Conj/Alch/Air  0%         N/A       83%         3
 Passwall                 Erth           0%         N/A       83%         3
 Sigil of Binding         Hex            0%         N/A       83%         3
 Stone Arrow              Conj/Erth      0%         3d7       83%         3
 Swiftness                Air            0%         N/A       83%         3
 Tukima's Dance           Hex            0%         N/A       83%         3
 Vampiric Draining        Necr           0%         2d6       83%         3
 Volatile Blastmotes      Fire/Tloc      0%         2d10      83%         3
 Animate Dead             Necr           0%         N/A       99%         4
 Brom's Barrelling Bould  Conj/Erth      0%         2d3       99%         4
 Dimensional Bullseye     Hex/Tloc       0%         N/A       99%         4
 Flame Wave               Conj/Fire      0%         2d4       99%         4
 Fulminant Prism          Conj/Alch      0%         3d5       99%         4
 Ignite Poison            Fire/Alch      0%         N/A       99%         4
 Iskenderun's Mystic Bla  Conj/Tloc      0%         2d3       99%         4
 Martyr's Knell           Necr/Summ      0%         N/A       99%         4
 Sticky Flame             Fire/Alch      0%         2d4       99%         4
 Vhi's Electric Charge    Tloc/Air       0%         N/A       99%         4
 Arcjolt                  Conj/Air       0%         1d10      100%        5
 Borgnjor's Vile Clutch   Necr/Erth      0%         N/A       100%        5
 Curse of Agony           Necr           0%         N/A       100%        5
 Irradiate                Conj/Alch      0%         3d11      100%        5
 Silence                  Hex/Air        0%         N/A       100%        5
 Death Channel            Necr           0%         N/A       100%        6
 Plasma Beam              Fire/Air       0%         2x1d10    100%        6
 Ignition                 Fire           0%         3d3       100%        8
 Maxwell's Capacitive Co  Air            0%         ∞         100%        8


Dungeon Overview and Level Annotations

Branches:
Dungeon (15/15)            Temple (1/1) D:4            Lair (5/5) D:8
  Swamp (0/4) Lair:3        Snake (2/4) Lair:2        Slime (0/5) Lair:4
    Orc (2/2) D:11            Elf (0/3) Orc:2        Vaults (0/5) D:13
 Depths (1/4) D:15         Bailey (visited)

Altars:
Ashenzari
Cheibriados
Dithmenos
Elyvilon
Fedhas
Gozag
Hepliaklqana
Kikubaaqudgha
Makhleb
Nemelex Xobeh
Okawaru
Qazlal
Ru
Sif Muna
Trog
Uskayaw
Vehumet
Wu Jian
Xom
Yredelemnul
Zin
The Shining One
Lugonu

Shops:
D:10 *   Orc:1 (   Orc:2 :[?:

Portals:
Hell: Depths:1
Abyss: Lair:5 Depths:1

Annotations:
D:7 1 transporter, 12sPaWn12's ghost, novice GrFi
D:13 2 transporters, Azoth's ghost, journeyman DsFi
Snake:1 2 transporters


Innate Abilities, Weirdness & Mutations

You are an enormous serpent.
You have a powerful constriction melee attack.
Your maximum health is increased.
Your armour is entirely melded.
You are incapable of wielding weapons or throwing items.
You are too large for most types of armour.
((You have claws for hands.))
Your natural rate of healing is unusually fast.
((You are covered in fur. (AC +1)))
((You have tough skin. (AC +1)))


Message History

You are more poisoned.
You resist.
Your fire elemental barely misses the anaconda.
You miss the anaconda. Your grab misses the anaconda.
You feel extremely sick.
The anaconda bites you but does no damage.
The anaconda constricts you.
* * * LOW HITPOINT WARNING * * *
Your fire elemental completely misses the anaconda.
Your fire elemental closely misses the anaconda.
The salamander is engulfed in freezing vapours.
You block the salamander's attack.
Your fire elemental misses the naga warrior.
The naga warrior hits you with a +0 dire flail of protection!!
* * * LOW HITPOINT WARNING * * *
Your resistance to fire fades away.
You feel protected from physical attacks.
The anaconda barely misses you. The anaconda constricts you.
Your earth elemental hits the salamander but does no damage.
Unknown command.
You closely miss the anaconda. Your grab misses the anaconda.
You feel very sick.
Your fire elemental barely misses the anaconda.
The anaconda bites you!
* * * LOW HITPOINT WARNING * * *
The anaconda constricts you.
* * * LOW HITPOINT WARNING * * *
Your fire elemental barely misses the anaconda.
Your fire elemental hits the naga warrior.
Your fire elemental burns the naga warrior!
The salamander hits your earth elemental with a +4 glaive.
Your earth elemental is engulfed in flames.
Your earth elemental completely resists.
You are too berserk!
There are no items here.
You hit the anaconda but do no damage. Your grab misses the anaconda.
* * * LOW HITPOINT WARNING * * *
You feel very sick.
The naga warrior hits you with a +0 dire flail of protection!
You die...

###+###
##.....##
##./°°°§.##
##..E☼E°§..##
#..⌠NSSE.⌠..#
#.....E.N.(...#
.....§.⌠.......
....#.....#....
.⌠. #.....# .⌠.
.. #..⌠..# .. .
#.....# .
#.....#


You could see a naga warrior (catching breath, ally target), a salamander
(distracted, ally target), an anaconda (ally target), a friendly earth elemental
(summoned) and 3 friendly fire elementals.

Vanquished Creatures
  A stone giant (D:15)
  A vampire knight (D:13)
  A very ugly thing (D:15)
  4 hydras
  8 vault guards (D:13)
  5 ogre magi
  7 centaur warriors
  6 anacondas (Snake:1)
  A deep troll shaman (D:15)
  18 two-headed ogres
  3 death yaks (Lair:5)
  A death knight (D:15)
  3 boulder beetles
  2 tengu warriors (Depths:1)
  3 naga warriors (Snake:1)
  A deep troll earth mage (D:15)
  Sonja (Lair:3)
  2 occultists
  A shock serpent (Lair:2)
  2 thrashing horrors (Lair:5)
  3 skysharks
  A salamander mystic (Snake:1)
  4 skeletal warriors
  2 large abominations (Lair:5)
  An arcanist (D:14)
  4 mana vipers
  A naga ritualist (Snake:1)
  An orange crystal statue (D:10)
  Pikel (D:4)
  A phantasmal warrior (D:15)
  4 harpies (D:13)
  A deep elf pyromancer (D:13)
  4 necromancers (D:13)
  3 orc knights
  5 cyclopes
  11 ugly things
  An oklob plant (Lair:5)
  A meliai (shapeshifter) (D:14)
  A wolf spider (D:13)
  2 manticores (D:14)
  A manticore (shapeshifter) (D:15)
  An elephant (D:8)
  12 black mambas
  2 kobold blastminers
  3 salamanders (Snake:1)
  9 meliai
  4 naga magi (Snake:1)
  A torpor snail (Lair:1)
  5 gargoyles (D:13)
  2 unseen horrors
  2 rime drakes
  15 cane toads
  3 smoke demons (Lair:5)
  7 freezing wraiths (D:13)
  8 komodo dragons
  A tengu conjurer (Depths:1)
  5 harpy zombies (D:13)
  7 trolls
  2 hornets
  2 polar bears (Lair:4)
  Prince Ribbit (D:4)
  A raiju (Lair:5)
  4 slime creatures (D:15)
  26 blink frogs
  A centaur simulacrum (D:11)
  8 vampires
  A spriggan (Lair:5)
  3 wraiths
  57 yaks
  A ynoxinul (Lair:5)
  11 wyverns
  11 basilisks
  2 redbacks (D:13)
  9 vampire mosquitoes
  2 wargs (Orc:1)
  2 chaos spawn (Lair:5)
  6 nagas
  Duvessa (D:4)
  An acid dragon (D:13)
  17 water moccasins
  3 black bears
  14 orc warriors
  An ice beast (D:7)
  29 ogres
  28 wolves
  20 centaurs
  2 phantoms
  4 kobold brigands
  11 bullfrogs
  Blork the orc (D:5)
  5 scorpions
  3 gnoll sergeants
  9 small abominations (Lair:5)
  12 wights
  Dowan (D:4)
  20 killer bees
  4 howler monkeys
  2 electric eels
  4 bombardier beetles
  A gnoll bouda (D:4)
  A jelly (D:4)
  5 hounds
  8 orc priests
  A sleepcap (D:6)
  Terence (D:3)
  3 iguanas
  13 orc wizards
  7 hell rats (Lair:3)
  Robin (D:2)
  12 gnolls
  9 adders
  A shadow imp (D:5)
  3 white imps (D:7)
  2 ufetubi (D:6)
  2 dart slugs
  3 ribbon worms
  55 orcs
  2 bats
  10 endoplasms
  7 giant cockroaches
  17 goblins
  11 hobgoblins
  6 jackals (D:1)
  4 quokkas
  4 ball pythons
  2 frilled lizards
  27 kobolds
  9 rats
  A butterfly (Lair:4)
781 creatures vanquished.

Vanquished Creatures (collateral kills)
  Aizul (Snake:1)
  A deep elf sorcerer (Depths:1)
  A very ugly thing (Depths:1)
  A stone giant (Depths:1)
  An ettin (Depths:1)
  A fire dragon (Depths:1)
  An anaconda (Snake:2)
  An ice dragon (Lair:3)
  Erica (Lair:1)
  A centaur warrior (D:13)
  A tengu warrior (Depths:1)
  4 two-headed ogres
  A mana viper (Snake:1)
  A necromancer (D:13)
  A salamander (Snake:1)
  A cyclops (Orc:2)
  A black mamba (Snake:1)
  A freezing wraith (D:15)
  A wraith (D:15)
  An orc warrior (Orc:1)
  5 ogres
  An orc priest (Orc:2)
  An orc wizard (Orc:2)
30 creatures vanquished.

Vanquished Creatures (others)
  A two-headed ogre (D:9)
  An occultist (D:15)
  An orc wizard (D:7)
  A kobold (D:9)
4 creatures vanquished.

Grand Total: 815 creatures vanquished

Notes
Turn   | Place    | Note
-------+----------+-------------------------------------------
     0 | D:1      | anacleto the Troll Shapeshifter began the quest for the
                  | Orb.
     0 | D:1      | Reached XP level 1. HP: 18/18 MP: 0/0
    30 | D:1      | Reached skill level 1 in Fighting
    46 | D:1      | Reached XP level 2. HP: 26/27 MP: 1/1
   406 | D:1      | Reached XP level 3. HP: 31/33 MP: 2/2
  1437 | D:3      | Noticed Robin
  1444 | D:3      | Reached XP level 4. HP: 39/41 MP: 3/3
  1580 | D:2      | Killed Robin
  1744 | D:3      | Reached skill level 4 in Shapeshifting
  1744 | D:3      | Reached XP level 5. HP: 48/49 MP: 4/4
  1759 | D:3      | Reached skill level 1 in Throwing
  1769 | D:3      | Noticed Terence
  1784 | D:3      | Killed Terence
  2066 | D:4      | Noticed an ogre
  2083 | D:3      | Reached XP level 6. HP: 42/57 MP: 5/5
  2111 | D:4      | Found a staircase to the Ecumenical Temple.
  2452 | Temple   | Entered the Ecumenical Temple
  2461 | Temple   | Became a worshipper of Qazlal Stormbringer
  2666 | D:4      | Reached skill level 5 in Shapeshifting
  2666 | D:4      | Reached XP level 7. HP: 66/66 MP: 6/6
  2942 | D:4      | Noticed Duvessa
  2943 | D:4      | Noticed Dowan
  2951 | D:4      | Killed Duvessa
  2955 | D:4      | Killed Dowan
  3138 | D:4      | Reached skill level 6 in Shapeshifting
  3487 | D:5      | Entered Level 5 of the Dungeon
  3623 | D:5      | Noticed Prince Ribbit
  3650 | D:5      | Reached skill level 7 in Shapeshifting
  3650 | D:5      | Reached XP level 8. HP: 30/74 MP: 7/7
  3877 | D:5      | Noticed Pikel
  3923 | D:4      | Killed Prince Ribbit
  3923 | D:4      | Reached * piety under Qazlal
  3951 | D:4      | Killed Pikel
  3952 | D:4      | Reached skill level 5 in Shields
  4160 | D:5      | Reached XP level 9. HP: 80/80 MP: 8/8
  4250 | D:5      | Noticed Blork the orc
  4262 | D:5      | Killed Blork the orc
  4285 | D:5      | Reached skill level 8 in Shapeshifting
  4986 | D:6      | Reached skill level 9 in Shapeshifting
  5527 | D:7      | Reached ** piety under Qazlal
  5544 | D:7      | Found a transporter.
  5544 | D:7      | Noticed 12sPaWn12's ghost (novice GrFi)
  5561 | D:7      | Found a flagged portal.
  5592 | D:7      | Reached skill level 10 in Shapeshifting
  5708 | D:7      | Reached skill level 1 in Invocations
  5718 | D:7      | Paralysed by a hornet for 2 turns
  5761 | Bailey   | Entered a bailey
  5976 | Bailey   | Reached XP level 10. HP: 88/88 MP: 10/10
  6043 | Bailey   | Reached *** piety under Qazlal
  7209 | D:8      | Found an iron altar of Okawaru.
  7255 | D:8      | Reached **** piety under Qazlal
  7520 | D:8      | Noticed an elephant
  7534 | D:8      | Killed an elephant
  7535 | D:8      | Reached skill level 5 in Invocations
  7975 | D:8      | Found a staircase to the Lair.
  7980 | D:8      | Reached skill level 11 in Shapeshifting
  8500 | D:9      | Noticed a two-headed ogre
  8515 | D:9      | Killed a two-headed ogre
  8569 | D:9      | Found a glowing golden altar of the Shining One.
  8717 | D:9      | Noticed a two-headed ogre
  8741 | D:9      | Killed a two-headed ogre
  8742 | D:9      | Reached XP level 11. HP: 93/94 MP: 15/15
  9197 | D:10     | Entered Level 10 of the Dungeon
  9263 | D:10     | Noticed an orange crystal statue
  9269 | D:10     | Noticed a two-headed ogre
  9272 | D:10     | Killed an orange crystal statue
  9273 | D:10     | Reached skill level 12 in Shapeshifting
  9284 | D:10     | Identified the +1 lajatang "Areos" {antimagic, rF+}
  9489 | D:10     | Reached ***** piety under Qazlal
  9617 | D:10     | Found Hucimah's General Store.
  9626 | D:10     | Bought a scroll of teleportation for 39 gold pieces
  9626 | D:10     | Bought 3 large rocks for 58 gold pieces
  9626 | D:10     | Bought a potion of curing for 39 gold pieces
  9642 | D:10     | Noticed a two-headed ogre
  9650 | D:10     | Killed a two-headed ogre
  9870 | D:10     | Identified the +5 shortbow of Proximity {heavy, Fly Dex+2}
 10083 | D:11     | Noticed a two-headed ogre
 10091 | D:11     | Killed a two-headed ogre
 10248 | D:11     | Noticed a two-headed ogre
 10264 | D:11     | Killed a two-headed ogre
 10402 | D:11     | Noticed a two-headed ogre
 10423 | D:11     | Killed a two-headed ogre
 10424 | D:11     | Reached skill level 13 in Shapeshifting
 10754 | D:11     | Found a staircase to the Orcish Mines.
 11073 | Orc:1    | Entered Level 1 of the Orcish Mines
 11433 | Orc:2    | Entered Level 2 of the Orcish Mines
 11433 | Orc:2    | Found a staircase to the Elven Halls.
 11798 | Orc:2    | Noticed an orc knight
 11806 | Orc:1    | Reached XP level 12. HP: 60/104 MP: 17/17
 11889 | Orc:2    | Noticed a two-headed ogre
 11892 | Orc:2    | Noticed an ogre mage
 11892 | Orc:2    | Noticed an ogre mage
 11907 | Orc:2    | Noticed a two-headed ogre
 11911 | Orc:1    | Killed a two-headed ogre
 11982 | Orc:2    | Noticed an ogre mage
 11982 | Orc:2    | Noticed a two-headed ogre
 11983 | Orc:2    | Noticed a two-headed ogre
 12094 | Orc:2    | Noticed a two-headed ogre
 12106 | Orc:2    | Noticed a two-headed ogre
 12106 | Orc:2    | Noticed a two-headed ogre
 12108 | Orc:2    | Noticed a two-headed ogre
 12224 | Orc:1    | Killed a two-headed ogre
 12225 | Orc:1    | Reached skill level 14 in Shapeshifting
 12254 | Orc:2    | Killed a two-headed ogre
 12257 | Orc:2    | Killed a two-headed ogre
 12264 | Orc:2    | Paralysed by an ogre mage for 2 turns
 12275 | Orc:1    | Killed an ogre mage
 12410 | Orc:2    | Noticed a two-headed ogre
 12410 | Orc:2    | Noticed a two-headed ogre
 13225 | D:12     | Identified the ring "Boyliboi" {Ice rN++ Dex+2 Stlth-}
 13967 | Lair:1   | Entered Level 1 of the Lair of Beasts
 14100 | Lair:1   | Reached skill level 5 in Unarmed Combat
 14757 | Lair:1   | Noticed a four-headed hydra
 14968 | Lair:1   | Reached ****** piety under Qazlal
 15000 | Lair:1   | Noticed Erica
 15019 | Lair:1   | Killed Erica
 15020 | Lair:1   | Reached XP level 13. HP: 114/114 MP: 13/19
 16564 | Orc:2    | Paralysed by an ogre mage for 3 turns
 16573 | Orc:1    | Reached skill level 15 in Shapeshifting
 16701 | Orc:2    | Reached skill level 5 in Dodging
 16710 | Orc:2    | Reached skill level 10 in Invocations
 16795 | Orc:2    | Paralysed by an ogre mage for 3 turns
 17067 | Orc:2    | Reached skill level 5 in Throwing
 17130 | Orc:2    | Reached skill level 5 in Fighting
 17205 | Orc:1    | Found Ahox Zobbo's Weapon Boutique.
 17510 | Orc:2    | Found Raryfoma's Book Emporium.
 17510 | Orc:2    | Found Efizarch's Armour Shop.
 17511 | Orc:2    | Found Losiucan's Book Shoppe.
 17511 | Orc:2    | Found Pehuzif's Magic Scroll Shop.
 17522 | Orc:2    | Bought a scroll of fog for 48 gold pieces
 17522 | Orc:2    | Bought a scroll of identify for 24 gold pieces
 17522 | Orc:2    | Bought a scroll of teleportation for 36 gold pieces
 17522 | Orc:2    | Bought a scroll of identify for 24 gold pieces
 17522 | Orc:2    | Bought a scroll of poison for 48 gold pieces
 17522 | Orc:2    | Bought a scroll of identify for 24 gold pieces
 17525 | Orc:2    | Identified a scroll of acquirement
 17526 | Orc:2    | Acquired 668 gold pieces
 18001 | D:10     | Bought a wand of quicksilver (1) for 54 gold pieces
 18819 | Lair:2   | Identified the +2 rapier of Calculation {flame, rF- rC+
                  | Int+4}
 18914 | Lair:2   | Reached XP level 14. HP: 127/127 MP: 20/20
 19070 | Lair:2   | Found a staircase to the Snake Pit.
 19738 | Lair:3   | Noticed Sonja
 19756 | Lair:3   | Killed Sonja
 20005 | Lair:3   | Found a staircase to the Swamp.
 20124 | Lair:3   | Identified the +7 trident of Laddytukk {pain, Int+5 Dex+4}
 21023 | Lair:4   | Found a staircase to the Slime Pits.
 21221 | Lair:4   | Reached skill level 16 in Shapeshifting
 21603 | Lair:4   | Found an ornate altar of the Wu Jian Council.
 21604 | Lair:4   | Found a hide-covered altar of Uskayaw.
 22126 | Lair:5   | Entered Level 5 of the Lair of Beasts
 22794 | Lair:5   | Reached skill level 17 in Shapeshifting
 23674 | Lair:5   | Reached XP level 15. HP: 135/135 MP: 21/21
 24653 | Lair:5   | Found a corrupted altar of Lugonu.
 24655 | Lair:5   | Reached skill level 18 in Shapeshifting
 24679 | Lair:5   | Found a one-way gate to the infinite horrors of the Abyss.
 26725 | D:13     | Found a gate to the Vaults.
 26795 | D:13     | Found a transporter.
 26796 | D:13     | Noticed Azoth's ghost (journeyman DsFi)
 26800 | D:13     | Found a transporter.
 27014 | D:13     | Reached skill level 19 in Shapeshifting
 27206 | D:13     | Identified the +0 chain mail of Duty {*Corrode rElec Will-
                  | Int+9}
 27948 | D:13     | Identified the +5 sling of Xom's Displeasure {flame, Fly
                  | rF+ Stlth-}
 29106 | D:14     | Reached skill level 20 in Shapeshifting
 29197 | D:14     | Identified the +2 shortbow "Ogreslayer" {freeze, rElec rN+
                  | Str+2}
 29754 | D:15     | Entered Level 15 of the Dungeon
 29871 | D:15     | Reached XP level 16. HP: 143/143 MP: 22/22
 30269 | D:15     | Found a staircase to the Depths.
 31518 | D:15     | Reached skill level 21 in Shapeshifting
 31518 | D:15     | Reached XP level 17. HP: 149/149 MP: 23/23
 31535 | Depths:1 | Entered Level 1 of the Depths
 31847 | Depths:1 | Found a gateway to Hell.
 32711 | Snake:1  | Entered Level 1 of the Snake Pit
 33154 | Snake:1  | Reached skill level 22 in Shapeshifting
 33611 | Snake:1  | Identified the serpent talisman of the Pastamancer {rF- rN+
                  | Str+2}
 33611 | Snake:1  | Noticed Aizul
 33631 | Snake:1  | Killed Aizul
 34232 | Snake:1  | Found a transporter.
 34315 | Snake:1  | Found a transporter.
 34666 | Snake:2  | HP: 12/273 [constriction (3)]
 34667 | Snake:2  | Mangled by a naga warrior

Illustrated notes

Levels and vault maps discovered:
D:1:      mushboom_english_gardens, layout_rooms, dreamdust_mushroom_princess
D:2:      cheibrodos_old_hovel, layout_basic, minmay_worlds_worst_comb
D:3:      layout_basic, uniq_terence, uniq_robin
D:4:      minmay_thinvault, layout_rooms, minmay_temple_entry_overgrown,
          st_stairs_12, uniq_duvessa
D:5:      layout_gridville, minmay_misc_feat_tower, kennysheep_generic_room_13,
          uniq_pikel, uniq_prince_ribbit1, uniq_blork_the_orc
D:6:      layout_gridville, minmay_gold_behind_fungi
D:7:      layout_basic, enter_bailey_6, gammafunk_ghost_smash,
          interstate_on_off, nicolae_tricolors
D:8:      layout_basic, grunt_lair_entry_orc_guard_hut, david_defended_altar_orc
D:9:      layout_irregular_city, mainiacjoe_overflow_catwalk
D:10:     layout_irregular_city, serial_shops, shop, minivault_15
D:11:     layout_irregular_city, orc_0_dummy, minmay_misc_feat_hallway,
          minmay_misc_feat_square
D:12:     layout_gridville, mrwooster_statue_mirror
D:13:     bobbens_index_wilting_gardens, layout_loops_corners, erik_vaults_2,
          gammafunk_ghost_mausoleum
D:14:     layout_long_grid, serial_bayou_pond_a, hangedman_decor_peaks_small
D:15:     grunt_enter_depths_giant_problem, layout_grid_maze,
          hangedman_abyss_or_decor_stabs, grunt_ministairs_7
Temple:   regret_index_temple_sigil_plot
Lair:1:   layout_layer_cave, pdpol_lair_cavern_descent, lemuel_fruit_fields,
          grunt_megastairs_2, uniq_erica
Lair:2:   layout_chaotic_city, minmay_snake_entry_six_corridors,
          grunt_megastairs_4, infiniplex_staircase_pool_2
Lair:3:   dragon1_lemuel, layout_long_grid, swamp_mist, serial_bayou_crossing,
          uniq_sonja
Lair:4:   layout_concentric_octagons, slime_entry_1,
          nzn_masters_of_martial_movement, serial_bayou_shore_a,
          lemuel_fruit_fields
Lair:5:   hellmonk_lair_end_abyssal_woods, layout_regular_city
Snake:1:  gammafunk_its_a_trap, layout_onion, uniq_aizul
Snake:2:  layout_onion, serial_shops, shop, serial_bayou_shore_b,
          grunt_megastairs_3
Orc:1:    layout_caves, serial_shops, nicolae_shop_bloodbath_and_beyond
Orc:2:    st_orc_ogre_mass, layout_caves, abandoned_shop, mines1_david
Depths:1: layout_gridlike, pf_vacation_house_of_asmodeus,
          nicolae_abyss_entry_one_way_or_another, minmay_misc_feat_more_columns,
          kennysheep_small_spiral, eino_tiny_chamber, roderic_serpentine_path,
          kennysheep_small_square

Skill      XL: |  1  2  3  4  5  6  7  8  9 10 11 12 13 14 15 16 17 |
---------------+----------------------------------------------------+-----
Fighting       | 1 2 4 5 |  5.9
Dodging        | 2 3 4 5 6 |  6.1
Shapeshifting  | 4 5 7 10 11 13 14 15 17 20 21 22 | 22.1
Throwing       | 1 2 3 5 6 |  6.1
Unarmed Combat | 4 5 6 7 |  7.4
Shields        | 5 6 7 8 |  8.1
Invocations    | 2 7 8 9 10 | 10.4

Action                     |  1- 3 |  4- 6 |  7- 9 | 10-12 | 13-15 | 16-18 || total
---------------------------+-------+-------+-------+-------+-------+-------++-------
  Melee: Unarmed           |   114 |    91 |   222 |   511 |  1069 |   260 ||  2267
         Punch             |       |     4 |     2 |       |       |       ||     6
         Constrict         |       |       |     9 |   105 |   241 |    51 ||   406
  Throw: Dart              |       |     5 |       |       |       |       ||     5
         Boomerang         |       |     9 |    43 |       |       |       ||    52
 Invoke: Elemental Force   |       |       |       |     2 |     6 |    11 ||    19
Ability: Begin Untransform |       |       |     2 |       |     1 |     1 ||     4
  Evoke: Wand              |       |       |     4 |    13 |    21 |     2 ||    40
         Lightning rod     |       |       |       |       |     3 |     4 ||     7
    Use: Scroll            |       |     3 |     7 |    14 |    21 |     2 ||    47
         Potion            |       |       |     2 |     6 |     5 |    10 ||    23
   Stab: Sleeping          |     1 |       |       |       |       |       ||     1
         Paralysed         |       |       |       |       |       |     5 ||     5
 Armour: Animal skin       |    83 |    82 |    35 |       |       |       ||   200
         Skin              |       |       |    52 |   553 |  1035 |   205 ||  1845
         Robe              |       |       |    62 |       |       |       ||    62
  Dodge: Dodged            |    74 |    59 |   113 |   358 |   626 |   125 ||  1355
         Repelled          |       |       |       |     2 |     6 |     7 ||    15
  Block: Kite shield       |       |       |    82 |     9 |       |       ||    91
         Other             |       |       |     9 |   176 |   400 |    80 ||   665
         Tower shield      |       |       |       |       |       |     8 ||     8
   Form: Beast             |       |       |     1 |       |       |       ||     1
         Serpent           |       |       |     1 |       |     1 |     1 ||     3

Table legend: (Time is in decaauts)
 A = Elapsed time spent in this place.
 B = Non-inter-level travel time spent in this place.
 C = Inter-level travel time spent in this place.
 D = Time resting spent in this place.
 E = Time spent auto-exploring this place.
 F = Levels seen in this place.
 G = Mean time per level.
                   A        B        C        D        E       F      G
               +--------+--------+--------+--------+--------+-----+--------+
         Total |  34558 |  32569 |   1989 |   8427 |  10690 |  27 | 1279.9 |
       Dungeon |  19658 |  18285 |   1373 |   4242 |   7451 |  15 | 1310.5 |
        Temple |     18 |     18 |      0 |      0 |      0 |   1 |   18.0 |
          Lair |   8982 |   8505 |    477 |   2044 |   2588 |   5 | 1796.4 |
     Snake Pit |   1678 |   1593 |     85 |    352 |    241 |   2 |  839.0 |
  Orcish Mines |   3123 |   3071 |     52 |   1372 |    353 |   2 | 1561.5 |
        Depths |    728 |    728 |      0 |    375 |      0 |   1 |  728.0 |
        Bailey |    368 |    368 |      0 |     41 |     57 |   1 |  368.0 |
               +--------+--------+--------+--------+--------+-----+--------+

Top non-repeatable levels by time:
    D:13: 3529 daAuts
  Lair:5: 2574 daAuts
  Lair:1: 2361 daAuts
   Orc:1: 2118 daAuts
    D:15: 1947 daAuts
    D:12: 1705 daAuts
 Snake:1: 1669 daAuts
  Lair:3: 1518 daAuts
  Lair:4: 1390 daAuts
     D:8: 1348 daAuts
     D:4: 1212 daAuts
    D:14: 1177 daAuts
     D:6: 1161 daAuts
  Lair:2: 1137 daAuts
    D:11: 1131 daAuts
